AoeStats
← TheAxSkirm

Arena

509153129Analyzed
3v3 RM · 8d ago on Sep 25, 2026· 38m 46s· 6 players
Game mode
Random Map
Map size
Normal (6 player)
Population
200
Speed
Normal
Resources
Standard
Victory
Conquest
Starting age
Dark Age
Ending age
Imperial Age
RankedLock teamsTeams togetherTeam positionsShared explorationLock speedFull tech treeHidden civsTurbo modeCheats
Victory
Defeat
🇩🇰 Lithuanians · Denmark
1154
+11
🇯🇵 Japanese · Japan
1108
+13
🇮🇳 Khmer · India
1094
+15
🇹🇷 Varangians · Türkiye
1069
-14
🇹🇷 Koreans · Türkiye
1058
-13
🇹🇷 Franks · Türkiye
1021
-12
newats2007
10:35 Feudal Age
10:58 Loom
13:39 Castle Age
24:36 Double-Bit Axe
24:34 Horse Collar
28:58 Imperial Age
29:15 Wheelbarrow
30:46 Forging
30:27 Fletching
30:37 Padded Archer Armor
30:44 Gold Mining
32:47 Chemistry
33:25 Ballistics
34:45 Iron Casting
34:05 Bodkin Arrow
34:26 Leather Archer Armor
34:02 Heavy Scorpion
35:28 Double Crossbow
36:50 Conscription
38:03 Blast Furnace
37:03 Bracer
37:33 Ring Archer Armor
TheAxSkirm
10:30 Feudal Age
14:19 Castle Age
12:29 Double-Bit Axe
15:07 Horse Collar
19:47 Bow Saw
21:57 Heavy Plow
23:34 Loom
26:13 Wheelbarrow
29:16 Imperial Age
27:20 Bloodlines
27:23 Forging
29:02 Husbandry
29:48 Scale Barding Armor
30:35 Iron Casting
30:05 Fletching
30:31 Cavalier
35:08 Chain Barding Armor
35:01 Gold Mining
35:43 Paladin
36:48 Hand Cart
38:37 Conscription
KJI
9:05 Feudal Age
13:14 Castle Age
11:57 Stone Mining
12:00 Loom
19:05 Fletching
19:56 Double-Bit Axe
21:14 Double-Bit Axe
21:12 Horse Collar
24:40 Bodkin Arrow
27:11 Gold Mining
28:10 Wheelbarrow
32:54 Imperial Age
31:06 Bow Saw
32:23 Heavy Plow
32:47 Town Watch
33:40 Wheelbarrow
35:30 Two-Man Saw
36:26 Conscription
36:41 Scale Mail Armor
36:42 Bracer
39:04 Kataparuto
akbaba
10:30 Feudal Age
14:45 Castle Age
13:02 Double-Bit Axe
19:21 Fletching
21:51 Crossbowman
23:12 Loom
24:10 Horse Collar
24:50 Bodkin Arrow
28:46 Bow Saw
33:34 Imperial Age
33:16 Ballistics
35:32 Chemistry
MASTER
12:12 Feudal Age
13:29 Wheelbarrow
16:49 Castle Age
22:35 Loom
22:55 Double-Bit Axe
25:23 Gold Mining
26:56 Bow Saw
33:06 Imperial Age
34:15 Hand Cart
34:45 Pikeman
Estergon_
10:27 Feudal Age
14:35 Castle Age
12:49 Double-Bit Axe
13:04 Horse Collar
15:38 Bow Saw
17:12 Wheelbarrow
19:49 Gold Mining
22:06 Heavy Plow
22:40 Hand Cart
26:10 Loom
26:23 Fletching
26:34 Padded Archer Armor
27:33 Forging
27:24 Scale Mail Armor
31:16 Imperial Age
30:04 Bodkin Arrow
31:29 Iron Casting
31:10 Chain Mail Armor
38:35 Blast Furnace
38:05 Plate Mail Armor
36:57 Pikeman
37:37 Squires
Connection lost

Rejoining the realm…

Still unreachable

The connection could not be restored.

Session expired

The server has moved on; the page needs a fresh start.